Map: [ESL] Babylon

Players

Cure - Winner!

  • Race: Terran Terran
  • Spawn Location: 11:00

herO

  • Race: Protoss Protoss
  • Spawn Location: 5:00

VOD

Have the link to the VOD?

Description

Time

  • Played on: April 27, 2023, 6 a.m.
  • Length: 11:39
Show
View Real Time Build Order
Export as new Build Order

Cure Terran - Winner!

Build Orders: Reaper Expand 

Get SALT Encoding   

  12  0:00  SCV  
  13  0:12  SCV  
  14  0:17  Supply Depot  
  14  0:24  SCV  
  15  0:39  SCV  
  15  0:40  Barracks  
  16  0:43  Refinery  
  16  0:51  SCV  
  17  1:03  SCV  
  18  1:15  SCV  
  19  1:27  Reaper, Orbital Command  
  20  1:40  Command Center  
  20  1:50  Supply Depot  
  20  1:52  SCV  
  21  1:59  Marine  
  22  2:05  SCV  
  23  2:09  Factory  
  23  2:17  SCV  
  23  2:19  Barracks Reactor  
  23  2:22  Bunker  
  24  2:27  Refinery  
  24  2:30  SCV  
  25  2:42  SCV  
  26  2:51  Orbital Command  
  26  2:53  Hellion  
  26  2:55  SCV  
  26  2:57  Starport  
  29  3:01  Marine  
  29  3:02  Marine  
  31  3:07  SCV  
  32  3:14  Widow Mine  
  32  3:18  SCV  
  32  3:19  SCV  
  36  3:20  Marine x2  
  36  3:26  Supply Depot  
  38  3:30  SCV  
  38  3:31  SCV  
  38  3:33  Medivac  
  42  3:36  Factory Tech Lab  
  42  3:42  SCV  
  42  3:43  Marine  
  42  3:44  SCV  
  42  3:46  Marine  
  46  3:49  Supply Depot  
  46  3:54  SCV  
  45  3:55  Siege Tank  
  45  3:56  SCV  
  45  4:01  Marine  
  44  4:03  Marine  
  44  4:06  SCV  
  44  4:08  SCV  
  46  4:19  Marine  
  46  4:20  Starport Tech Lab  
  46  4:21  SCV, Marine  
  46  4:22  SCV  
  45  4:31  Siege Tank  
  45  4:34  SCV x2  
  45  4:37  Marine  
  51  4:39  Marine  
  52  4:46  Barracks  
  52  4:48  SCV x2  
  54  4:53  Supply Depot  
  54  4:57  Raven  
  56  5:01  SCV x2, Barracks  
  56  5:05  Refinery  
  58  5:10  Siege Tank  
  58  5:12  Marine  
  62  5:14  Marine  
  62  5:15  SCV x2  
  62  5:17  Supply Depot  
  65  5:27  Engineering Bay  
  65  5:28  SCV x2, Supply Depot  
  67  5:33  Marine x2  
  69  5:39  Starport Reactor  
  69  5:40  SCV x2, Refinery, Stimpack  
  71  5:46  Marauder  
  73  5:50  Factory Reactor  
  73  5:52  SCV x2  
  73  5:53  Supply Depot  
  73  5:56  Marine x2  
  77  5:58  Marauder  
  77  6:05  SCV  
  77  6:06  SCV  
  75  6:11  Terran Infantry Weapons Level 1  
  75  6:14  Marauder, Marine x2  
  75  6:18  SCV x2  
  79  6:19  Marauder  
  79  6:20  Combat Shield  
  81  6:29  Medivac  
  83  6:33  Marine x2  
  83  6:36  Marauder  
  83  6:37  Widow Mine x2  
  93  6:42  Supply Depot  
  93  6:44  Marauder, Supply Depot  
  93  6:54  Marine  
  93  6:56  Command Center  
  94  7:03  Marine  
  94  7:04  Marauder  
  94  7:05  Medivac x2  
  94  7:07  Widow Mine  
  94  7:08  Widow Mine  
  105  7:12  Marauder  
  105  7:13  Supply Depot  
  105  7:14  Supply Depot  
  107  7:18  Marine  
  107  7:19  Concussive Shells, SCV x2  
  109  7:34  Marauder  
  109  7:35  Marauder, Marine  
  109  7:36  Marine  
  103  7:51  Medivac x2, Widow Mine  
  103  7:52  Widow Mine  
  103  7:54  SCV x2  
  103  7:55  Marauder  
  103  7:56  Marauder  
  107  8:03  Marine  
  107  8:04  Marine  
  109  8:06  Terran Infantry Armor Level 1  
  109  8:07  Barracks  
  109  8:10  Barracks, Orbital Command  
  109  8:13  SCV x2  
  109  8:17  Marauder  
  109  8:18  Marauder  
  111  8:23  Marine x2  
  111  8:24  Widow Mine x2  
  117  8:27  Medivac  
  117  8:30  Medivac  
  117  8:31  Orbital Command  
  121  8:36  SCV x2  
  121  8:38  Marauder  
  121  8:39  Marauder  
  121  8:41  Ghost Academy  
  127  8:46  Marine x2  
  127  8:47  Widow Mine  
  127  8:48  Widow Mine  
  131  8:50  Supply Depot  
  131  8:59  Barracks Reactor, Marauder  
  131  9:00  Marauder, Barracks Tech Lab  
  130  9:09  Marine x2  
  132  9:10  Medivac, Widow Mine x2  
  132  9:13  SCV x2  
  132  9:14  SCV  
  135  9:21  Refinery  
  135  9:24  Ghost x2  
  135  9:27  SCV x3, Supply Depot x2  
  135  9:29  Missile Turret  
  135  9:31  Ghost  
  142  9:37  Refinery  
  144  9:39  SCV x3  
  144  9:42  Marine x4  
  144  9:45  Supply Depot  
  149  9:46  Supply Depot  
  149  9:56  Ghost x2  
  153  10:00  Supply Depot  
  153  10:08  Ghost  
  153  10:10  Marine x4  
  153  10:13  Widow Mine x2  
  163  10:15  Armory  
  163  10:17  Engineering Bay  
  161  10:25  Marine x2  
  161  10:28  Marine x3  
  136  10:36  Marine  
  136  10:38  Marauder  
  126  10:43  Marauder  
  126  10:44  Marauder  
  126  10:46  Marine x3  
  125  10:50  Medivac  
  125  10:51  Medivac  
  125  10:53  Marine  
  125  10:57  Widow Mine x2  
  134  10:59  Marine  
  134  11:03  Marine  
  136  11:09  Marine x2  
  136  11:10  Marauder x2  
Show
View Real Time Build Order
Export as new Build Order

herO Protoss 

Build Orders: 1 Gate Expand, Zealot Archon 

Get SALT Encoding   

  12  0:00  Probe  
  13  0:12  Probe  
  14  0:17  Pylon  
  14  0:24  Probe  
  15  0:35  Gateway  
  15  0:37  Probe (Chrono Boost)  
  16  0:43  Assimilator  
  16  0:49  Probe (Chrono Boost)  
  17  0:54  Probe (Chrono Boost)  
  18  1:04  Probe  
  20  1:22  Zealot, Cybernetics Core  
  21  1:35  Nexus  
  21  1:41  Pylon  
  21  1:44  Probe  
  22  1:52  Assimilator  
  22  1:55  Warp Gate (Chrono Boost)  
  22  1:56  Adept (Chrono Boost), Probe  
  25  2:09  Probe  
  25  2:11  Pylon  
  26  2:19  Adept  
  26  2:21  Probe  
  29  2:31  Gateway  
  30  2:38  Gateway  
  30  2:40  Probe  
  30  2:49  Adept, Probe  
  33  2:53  Probe  
  34  3:01  Probe  
  35  3:06  Probe  
  35  3:08  Assimilator  
  36  3:13  Probe  
  36  3:18  Probe  
  38  3:25  Probe  
  39  3:30  Probe  
  39  3:32  Adept x3  
  46  3:36  Twilight Council  
  46  3:37  Probe  
  47  3:42  Probe  
  47  3:44  Pylon  
  48  3:58  Adept x3  
  48  4:01  Probe x2  
  54  4:06  Assimilator  
  54  4:09  Robotics Facility  
  54  4:13  Probe x2  
  54  4:18  Blink (Chrono Boost)  
  54  4:22  Assimilator  
  46  4:25  Probe x2  
  48  4:36  Shield Battery, Stalker  
  48  4:37  Probe x2  
  52  4:40  Shield Battery  
  52  4:45  Stalker  
  54  4:49  Probe x2  
  54  4:50  Stalker  
  58  4:53  Pylon  
  58  4:59  Warp Prism (Chrono Boost)  
  60  5:08  Probe  
  61  5:16  Stalker x3  
  67  5:22  Pylon  
  67  5:28  Observer  
  68  5:40  Stalker  
  68  5:41  Stalker x2  
  74  5:43  Pylon  
  74  5:44  Templar Archives  
  74  5:54  Charge (Chrono Boost)  
  74  5:59  Nexus  
  60  6:15  Probe  
  60  6:16  Probe  
  60  6:21  Zealot, Gateway, High Templar x2  
  60  6:22  Gateway  
  60  6:24  Shield Battery  
  66  6:26  Psionic Storm  
  66  6:27  Gateway  
  66  6:31  Probe x2  
  68  6:44  Gateway  
  68  6:45  Gateway  
  68  6:50  Zealot  
  70  6:56  Stalker x2  
  70  6:59  Archon  
  74  7:04  Immortal  
  76  7:12  Pylon  
  76  7:13  Probe  
  76  7:14  Gateway  
  77  7:16  High Templar  
  77  7:21  Zealot x2  
  83  7:26  Zealot x2  
  83  7:27  High Templar  
  89  7:32  Archon  
  89  7:44  Warp Prism (Chrono Boost)  
  89  7:49  Observer, Stalker  
  89  7:50  Stalker x3  
  69  7:58  Zealot  
  69  7:59  Zealot  
  69  8:00  Zealot  
  69  8:01  Zealot  
  77  8:08  Probe x2  
  77  8:09  Probe  
  77  8:12  Observer  
  80  8:15  High Templar x2  
  80  8:18  Zealot x3  
  90  8:21  Probe x2  
  90  8:22  Probe  
  90  8:24  Archon  
  90  8:27  Assimilator x2  
  93  8:31  Observer, Zealot, High Templar  
  97  8:37  High Templar  
  97  8:39  Probe x2  
  97  8:40  Probe  
  102  8:42  Pylon  
  102  8:47  Zealot x3  
  108  8:55  Pylon  
  108  8:56  Pylon  
  108  8:57  Pylon  
  108  9:05  Zealot x4  
  115  9:13  Immortal (Chrono Boost)  
  117  9:20  Zealot x2, High Templar  
  123  9:29  Pylon  
  123  9:34  High Templar x2  
  123  9:35  Zealot x3  
  132  9:45  Forge  
  130  9:46  Robotics Bay  
  130  9:49  Zealot x2  
  130  9:52  Observer (Chrono Boost), Pylon  
  133  10:02  High Templar  
  133  10:03  Zealot x2, High Templar  
  139  10:08  Observer  
  139  10:10  Pylon  
  139  10:11  Pylon  
  139  10:12  Zealot x3  
  144  10:25  Archon  
  108  10:42  Archon  
  82  10:43  Disruptor (Chrono Boost)  
  82  10:49  Zealot x5, High Templar x2  
  85  10:54  Probe x2  
  85  10:55  Probe  
  82  11:08  Disruptor (Chrono Boost)  
  82  11:10  Zealot  
  82  11:11  Zealot x4  
  75  11:21  Archon  
  75  11:22  Zealot x2  
Tags
 
Add a new tag
Caveats
  • Supply blocks, unpowered buildings, or Contaminate may cause inaccurate times.
  • Supply counts are checked every 10 seconds.